 Dungeon Sprint DCSS version 0.32-a0-42-ga30500b4d3 (webtiles) character file.

Game seed: 8425319593605784693

455 rocky1 the Apothecary (level 6, -4/61 HPs)
             Began as a Troll Alchemist on Jan 29, 2024.
             Was a Follower of Cheibriados.
             Slain by an unseen horror (10 damage)
             ... in the Dungeon (Sprint IX: "|||||||||||||||||||||||||||||").
             The game lasted 00:02:30 (147 turns).

rocky1 the Apothecary (Troll Alchemist)              Turns: 147, Time: 00:02:31

Health: -4/61      AC:  5    Str: 21    XL:     6   Next: 76%
Magic:  10/10      EV: 11    Int: 13    God:    Cheibriados [*.....]
Gold:   0          SH:  0    Dex: 12    Spells: 6/11 levels left

rFire   . .          .
                       - Unarmed
rCold   . . .        (no shield)
rNeg    . . .        a - +0 robe
rPois   .            (helmet restricted)
rElec   .            m - +0 cloak
rCorr   .            (gloves unavailable)
SInv    .            (boots unavailable)
Will    .....        (no amulet)
Stlth   ++           (no ring)
HPRegen 1.10/turn    (no ring)
MPRegen 0.12/turn

%: no teleportation
@: on berserk cooldown, slowed, very slow
A: large, unfitting armour, claws 3, regeneration 1, shaggy fur 1, tough skin 1
a: Renounce Religion, Bend Time


You were in the Dungeon.
You worshipped Cheibriados.
Cheibriados was aware of your devotion.
You visited 1 branch

Inventory:

Armour
 a - a +0 robe (worn)
 m - a +0 cloak (worn)
Jewellery
 k - a +3 ring of dexterity
 l - a +3 ring of strength
Wands
 j - a wand of light (10)
Scrolls
 g - 2 scrolls of blinking
 i - 2 scrolls of amnesia
Potions
 b - 5 potions of magic
 c - 5 potions of curing
 d - a potion of heal wounds
 e - a potion of haste
 h - a potion of invisibility


   Skills:
 + Level 3.2 Fighting
 + Level 4.8 Dodging
 + Level 3.2 Stealth
 + Level 5.4 Unarmed Combat
 + Level 3.3 Spellcasting
 + Level 1.1 Conjurations
 + Level 6.3 Alchemy
 * Level 3.8 Invocations


You had 6 spell levels left.
You knew the following spells:

 Your Spells              Type           Power      Damage    Failure   Level
a - Sting                 Conj/Alch      44%        1d5       4%          1
b - Olgreb's Toxic Radia  Alch           18%        N/A       16%         4

Your spell library contained the following spells:

 Spells                   Type           Power      Damage    Failure   Level
 Mercury Vapours          Alch/Air       20%        N/A       9%          2
 Mephitic Cloud           Conj/Alch/Air  8%         N/A       24%         3
 Sticky Flame             Fire/Alch      10%        2d5       52%         4


Dungeon Overview and Level Annotations

Branches:
Dungeon (1/1)

Altars:
Cheibriados
Dithmenos
Elyvilon
Fedhas
Gozag
Hepliaklqana
Kikubaaqudgha
Makhleb
Nemelex Xobeh
Okawaru
Qazlal
Ru
Sif Muna
Trog
Uskayaw
Vehumet
Wu Jian
Xom
Yredelemnul
Zin
The Shining One
Jiyva
Lugonu


Innate Abilities, Weirdness & Mutations

You are too large for most types of armour.
You have claws for hands.
Your natural rate of healing is unusually fast.
You are covered in fur. (AC +1)
You have tough skin. (AC +1)


Message History

Cheibriados appreciates the change of pace.
You can now bend time to slow others.
Cheibriados raises the support of your attributes as your movement slows.
You feel sick.
Something hits you but does no damage. x2
Unknown command.
Unknown command.
You barely miss something.
You feel sick. Something hits you but does no damage.
You closely miss something.
You are no longer berserk.
You are exhausted.
You feel yourself slow down. Something hits you!
* * * LOW HITPOINT WARNING * * *
Something hits you.
* * * LOW HITPOINT WARNING * * *
You feel much better.
You feel sick.
You are no longer poisoned.
Something hits you but does no damage. x2; Something hits you.
Unknown command.
You feel much better. Something hits you.
Unknown command.
Okay, then.
Okay, then.
You miss something. Something hits you. x3
You barely miss something. Something hits you. x2
You closely miss something. Something hits you.
Something hits you but does no damage.
You claw something! Your claw misses something. Something hits you. x2
Something hits you but does no damage.
You scratch something. Something hits you!
* * * LOW HITPOINT WARNING * * *
Something hits you!
* * * LOW HITPOINT WARNING * * *
You closely miss something. Something hits you.
* * * LOW HITPOINT WARNING * * *
Something barely misses you.
You closely miss something. Something hits you.
* * * LOW HITPOINT WARNING * * *
Something hits you!
You die... ▓▓▓▓▓▓▓▓▓▓▓▓▓▓▓▓▓▓▓▓▓▓▓▓ ______'..)..[[..@{To...+ ▓▓▓▓▓▓▓▓▓▓▓▓▓▓▓▓▓▓▓▓▓▓▓▓

You could see a troll and an orc warrior.

Vanquished Creatures
  A troll (D)
  A phantom (D)
  A kobold brigand (D)
  2 hounds (D)
  An iguana (D)
  An orc (D)
  A bat (D)
  An endoplasm (D)
  A goblin (D)
  A hobgoblin (D)
  A kobold (D)
12 creatures vanquished.

Notes
Turn   | Place    | Note
-------+----------+-------------------------------------------
     0 | D        | rocky1 the Troll Alchemist began the quest for the Orb.
     0 | D        | Reached XP level 1. HP: 16/16 MP: 1/1
    19 | D        | Noticed a hound
    19 | D        | Noticed an iguana
    19 | D        | Noticed a phantom
    19 | D        | Noticed a hound
    27 | D        | Killed a hound
    28 | D        | Reached skill level 1 in Unarmed Combat
    28 | D        | Reached skill level 3 in Alchemy
    28 | D        | Reached XP level 2. HP: 18/24 MP: 4/4
    28 | D        | Reached XP level 3. HP: 24/31 MP: 5/5
    32 | D        | Reached skill level 1 in Fighting
    32 | D        | Reached skill level 4 in Alchemy
    46 | D        | Killed a phantom
    47 | D        | Reached XP level 4. HP: 32/44 MP: 6/6
    50 | D        | Reached skill level 5 in Alchemy
    50 | D        | Reached XP level 5. HP: 30/52 MP: 6/8
    55 | D        | Found a snail-covered altar of Cheibriados.
    55 | D        | Found a shadowy altar of Dithmenos.
    55 | D        | Found a white marble altar of Elyvilon.
    55 | D        | Found a blossoming altar of Fedhas.
    55 | D        | Found an opulent altar of Gozag.
    56 | D        | Found a hazy altar of Hepliaklqana.
    57 | D        | Found a viscous altar of Jiyva.
    58 | D        | Found an ancient bone altar of Kikubaaqudgha.
    59 | D        | Found a corrupted altar of Lugonu.
    61 | D        | Became a worshipper of Cheibriados the Contemplative
    63 | D        | Found a burning altar of Makhleb.
    64 | D        | Found a sparkling altar of Nemelex Xobeh.
    65 | D        | Found an iron altar of Okawaru.
    66 | D        | Found a stormy altar of Qazlal.
    67 | D        | Found a sacrificial altar of Ru.
    68 | D        | Found a shimmering blue altar of Sif Muna.
    69 | D        | Found a bloodstained altar of Trog.
    70 | D        | Found a hide-covered altar of Uskayaw.
    71 | D        | Found a radiant altar of Vehumet.
    72 | D        | Found an ornate altar of the Wu Jian Council.
    73 | D        | Found a shimmering altar of Xom.
    74 | D        | Found a basalt altar of Yredelemnul.
    75 | D        | Found a glowing silver altar of Zin.
    76 | D        | Found a glowing golden altar of the Shining One.
   125 | D        | Learned a level 4 spell: Olgreb's Toxic Radiance
   125 | D        | Noticed a troll
   125 | D        | Noticed an orc warrior
   125 | D        | Noticed a troll
   130 | D        | Killed a troll
   131 | D        | Reached skill level 5 in Unarmed Combat
   131 | D        | Reached skill level 1 in Conjurations
   131 | D        | Reached skill level 6 in Alchemy
   131 | D        | Reached XP level 6. HP: 32/61 MP: 9/9
   136 | D        | Reached * piety under Cheibriados
   138 | D        | HP: 2/61 [something (6)]
   147 | D        | Slain by an unseen horror

Illustrated notes

Levels and vault maps discovered:
D:        linesprint [early_d, line_temple, items_1, d_10, items_2, lair_1,
          lair_end, items_3, orc_1, orc_end, items_4, d_15, swamp_1, shoals_1,
          snake_1, spider_1, d_20, vaults_1, items_5, swamp_end, shoals_end,
          snake_end, spider_end, vaults_end, d_27, items_6, zot_1, zot_end,
          crypt_end, forest_end, elf_end, slime_end, tomb_end, abyss_end,
          pan_hell_end]

Skill      XL: |  1  2  3  4  5 |
---------------+----------------+-----
Dodging        | 2 3 4 |  4.8
Unarmed Combat | 1 2 3 5 |  5.4
Spellcasting   | 2 3 |  3.3
Alchemy        | 3 4 5 6 |  6.3
Fighting       | 2 3 |  3.2
Stealth        | 2 3 |  3.2
Conjurations   | 1 |  1.1
Invocations    | 3 |  3.8

Action                     |  1- 3 |  4- 6 || total
---------------------------+-------+-------++-------
  Melee: Unarmed           |    33 |    22 ||    55
         Punch             |       |     2 ||     2
   Cast: Sting             |     1 |       ||     1
    Use: Potion            |       |     3 ||     3
   Stab: Sleeping          |     2 |       ||     2
 Armour: Robe              |    23 |    40 ||    63
  Dodge: Dodged            |    12 |     5 ||    17

Table legend: (Time is in decaauts)
 A = Elapsed time spent in this place.
 B = Non-inter-level travel time spent in this place.
 C = Inter-level travel time spent in this place.
 D = Time resting spent in this place.
 E = Time spent auto-exploring this place.
 F = Levels seen in this place.
 G = Mean time per level.
                   A        B        C        D        E       F      G
               +--------+--------+--------+--------+--------+-----+--------+
         Total |    161 |    161 |      0 |      0 |      0 |   1 |  161.0 |
       Dungeon |    161 |    161 |      0 |      0 |      0 |   1 |  161.0 |
               +--------+--------+--------+--------+--------+-----+--------+

Top non-repeatable levels by time:
       D: 161 daAuts
